 Dungeon Crawl Stone Soup version 0.21.1-1-g345015f (webtiles) character file.

51 Fang the Skirmisher (level 3, -1/36 HPs)
             Began as a Gargoyle Berserker on June 5, 2018.
             Was a Believer of Trog.
             Slain by a goblin (2 damage)
             ... on level 1 of the Dungeon.
             The game lasted 00:00:49 (877 turns).

Fang the Skirmisher (Gargoyle Berserker)             Turns: 877, Time: 00:00:50

Health: -1/36      AC:  5    Str: 26    XL:     3   Next: 83%
Magic:  3/3        EV: 12    Int:  7    God:    Trog [**....]
Gold:   40         SH:  0    Dex:  9    Spells: 2/2 levels left

rFire    . . .     SeeInvis .   a - +0 hand axe
rCold    . . .     Gourm    .   (no shield)
rNeg     + . .     Faith    .   b - +0 animal skin
rPois    ∞         Spirit   .   (no helmet)
rElec    +         Reflect  .   (no cloak)
rCorr    .         Harm     .   (no gloves)
MR       .....                  (no boots)
Stlth    ..........             (no amulet)
HPRegen  0.12/turn              d - ring of poison resistance
MPRegen  0.08/turn              (no ring)

@: berserking, very quick
A: negative energy resistance 1, electricity resistance, unbreathing,
petrification resistance, rot immunity, AC +3
a: Berserk, Trog's Hand, Burn Spellbooks, Renounce Religion


You were on level 1 of the Dungeon.
You worshipped Trog.
Trog was pleased with you.
You were hungry.

You visited 1 branch of the dungeon, and saw 2 of its levels.

You collected 40 gold pieces.

Inventory:

Hand Weapons
 a - a +0 hand axe (weapon)
Armour
 b - a +0 animal skin (worn)
Jewellery
 d - a ring of poison resistance (left hand)
Scrolls
 f - 2 scrolls of enchant weapon {unknown}
 g - a scroll of magic mapping {unknown}
 h - a scroll of remove curse {unknown}
Potions
 e - a potion of cancellation {unknown}
Comestibles
 c - 3 rations


   Skills:
 + Level 3.9 Fighting
 + Level 3.5 Axes
 + Level 2.3 Armour
 + Level 1.8 Dodging


You had 2 spell levels left.
You didn't know any spells.

Dungeon Overview and Level Annotations

Branches:
Dungeon (2/15)

Altars:


Innate Abilities, Weirdness & Mutations

You are resistant to torment.
Your stone body is resilient. (AC +3)
You are immune to poison.
You resist negative energy. (rN+)
You are resistant to electric shocks. (rElec)
You can survive without breathing.
You are immune to petrification.
You are immune to rotting.


Message History

The hobgoblin shouts! x2; The centaur shouts!
The hobgoblin shouts!
The goblin shouts! x2; The hobgoblin shouts!
You hear an angry hiss.
You hear a shout!
Found four items.
There is a stone staircase leading up here.
The centaur wields a shortbow.
The centaur shoots an arrow.
The arrow hits you!
The centaur shoots an arrow.
The arrow hits you.
A worm and a giant cockroach come into view.
There is a stone staircase leading up here.
You see here an arrow.
The centaur shoots an arrow.
The arrow hits you.
The centaur shoots an arrow.
The arrow hits you!
* * * LOW HITPOINT WARNING * * *
You climb upwards.
There is a stone staircase leading down here.
A red film seems to cover your vision as you go berserk!
You feel yourself moving faster!
You feel mighty!
You are feeling hungry.
The hobgoblin closely misses you. The goblin hits you.
You die...

#.###......# #..............#
#.# ##'#######(...(.........#
#.####.......').............#
#.......######...(..........#
........######..............#
........##........###########
........##........#
..))....##...†....#
.........+......@.#
...#######.....g.g#######
#'## #...............# #.#
#...............# #.#
#...............# #.#
#...............# #.#
#...............# #.#
#...............# #.#
#...............#


You could see a hobgoblin and a goblin.

Vanquished Creatures
  A gnoll (D:1)
  An ooze (D:1)
  A leopard gecko (D:1)
  A giant cockroach (D:1)
  6 goblins (D:1)
  6 hobgoblins (D:1)
  2 jackals (D:1)
  A ball python (D:1)
  4 bats (D:1)
  3 frilled lizards (D:1)
  8 kobolds (D:1)
  2 rats (D:1)
36 creatures vanquished.

Notes
Turn   | Place    | Note
-------+----------+-------------------------------------------
     0 | D:1      | Fang the Gargoyle Berserker began the quest for the Orb.
     0 | D:1      | Reached XP level 1. HP: 14/14 MP: 1/1
    75 | D:1      | Reached XP level 2. HP: 12/19 MP: 2/2
   364 | D:1      | Reached XP level 3. HP: 16/23 MP: 3/3
   612 | D:1      | Reached ** piety under Trog
   872 | D:2      | Noticed a centaur
   875 | D:2      | HP: 1/24 [centaur/arrow (9)]
   877 | D:1      | Slain by a goblin

Skill      XL: |  1  2 |
---------------+-------+-----
Axes           | 3 |  3.5
Fighting       | |  3.9
Armour         | |  2.3
Dodging        | |  1.8

Action                   || total
-------------------------++-------
Melee: Hand axe          ||    84
Invok: Berserk           ||     1
Armor: Animal skin       ||    36
Dodge: Dodged            ||    67
